Map: Neon Violet Square LE

Players

Honor - Winner!

  • Race: Terran Terran
  • League: Master
  • Spawn Location: 11:00

A.I. 1 (Very Easy)

  • Race: Protoss Protoss
  • Spawn Location: 5:00

VOD

Have the link to the VOD?

Description

Time

  • Played on: Dec. 13, 2017, 7:51 a.m.
  • Length: 8:29
Show
View Real Time Build Order
Export as new Build Order

Honor Terran - Winner!

Build Orders: MMM Bio 

Get SALT Encoding   

  12  0:00  SCV  
  13  0:12  SCV  
  14  0:19  Supply Depot  
  14  0:24  SCV  
  15  0:40  SCV  
  15  0:41  Barracks  
  16  0:46  Refinery  
  16  0:52  SCV  
  17  1:04  SCV  
  17  1:06  Barracks  
  18  1:16  SCV  
  19  1:29  Orbital Command  
  19  1:30  Barracks Reactor  
  19  1:36  Refinery  
  19  1:50  Supply Depot  
  19  1:53  Barracks Tech Lab  
  19  1:54  SCV  
  20  2:06  SCV  
  20  2:08  Marine x2  
  23  2:11  Combat Shields  
  23  2:19  SCV  
  24  2:26  Engineering Bay  
  24  2:28  Marine  
  25  2:32  Marine  
  25  2:34  SCV  
  27  2:41  Supply Depot  
  27  2:46  Marine x2  
  27  2:49  Marine  
  30  2:53  Terran Infantry Weapons Level 1  
  30  3:02  Factory  
  30  3:06  Marine  
  30  3:07  Marine  
  30  3:10  Marine  
  33  3:16  Supply Depot  
  33  3:21  Missile Turret  
  35  3:27  Marauder  
  35  3:29  Marine  
  35  3:31  Marine  
  37  3:38  Stimpack  
  37  3:48  Starport  
  37  3:53  Marauder  
  37  3:55  Marine  
  40  4:04  Supply Depot  
  40  4:06  Marine  
  41  4:13  Marine  
  41  4:15  Marauder  
  44  4:24  Marine  
  44  4:26  Medivac  
  44  4:30  Supply Depot  
  44  4:31  Marine  
  48  4:36  Marauder  
  50  4:47  Terran Infantry Armor Level 1  
  50  4:49  Marine  
  50  4:52  Marine  
  52  4:56  Medivac  
  52  4:58  Marauder  
  56  5:03  Supply Depot  
  56  5:07  Marine  
  56  5:10  Marine  
  58  5:18  Marine  
  59  5:25  Marine  
  59  5:26  Medivac  
  59  5:27  Marine  
  63  5:31  Supply Depot  
  63  5:37  Marauder  
  65  5:43  Marine  
  65  5:45  Concussive Shells, Marine  
  67  5:56  Medivac  
  69  5:57  Supply Depot  
  69  6:03  Marauder  
  71  6:05  Marine  
  71  6:08  Marine  
  73  6:22  Marine  
  73  6:24  Marauder  
  76  6:26  Medivac, Marine  
  79  6:40  Marine  
  79  6:42  Supply Depot  
  79  6:43  Marine  
  79  6:46  Marauder  
  83  6:58  Marine  
  83  6:59  Medivac  
  86  7:01  Marine  
  86  7:07  Marauder  
  89  7:11  Supply Depot  
  89  7:16  Marine  
  89  7:19  Marine  
  91  7:28  Marauder  
  91  7:29  Medivac  
  95  7:34  Supply Depot, Marine  
  96  7:37  Marine  
  97  7:50  Marauder  
  99  7:51  Marine  
  99  7:55  Marine  
  99  7:58  Supply Depot  
  103  8:09  Marine  
Show
View Real Time Build Order
Export as new Build Order

A.I. 1 (Very Easy) Protoss 

Build Orders: 1 Gate Expand, Nexus First 

Get SALT Encoding   

  12  0:00  Probe  
  13  0:13  Probe  
  14  0:21  Pylon  
  14  0:43  Gateway  
  14  1:02  Nexus  
  14  1:20  Pylon  
  14  1:25  Assimilator  
  14  1:31  Zealot  
  16  1:38  Cybernetics Core  
  16  1:39  Probe  
  17  1:52  Probe  
  18  2:02  Assimilator  
  18  2:04  Probe  
  19  2:15  Stalker  
  21  2:16  Probe  
  21  2:18  Probe  
  23  2:27  Warp Gate  
  23  2:28  Probe  
  24  2:33  Probe  
  25  2:40  Probe  
  26  2:53  Probe  
  26  2:54  Assimilator  
  26  2:57  Pylon  
  27  3:00  Probe  
  28  3:08  Probe  
  29  3:15  Probe  
  30  3:21  Robotics Facility  
  30  3:22  Probe  
  31  3:28  Zealot  
  33  3:37  Probe  
  34  3:44  Probe  
  35  3:51  Probe  
  36  3:58  Probe  
  37  4:06  Probe  
  38  4:10  Observer  
  38  4:13  Probe  
  40  4:20  Probe  
  41  4:27  Probe  
  42  4:31  Observer  
  42  4:34  Probe  
  44  4:38  Assimilator  
  44  4:41  Stalker  
  44  4:42  Probe  
  44  4:45  Pylon  
  47  4:49  Probe  
  48  4:56  Probe  
  49  5:03  Probe  
  50  7:35  Zealot  
  48  7:40  Pylon  
  48  7:41  Probe  
  28  7:53  Probe  
  28  7:57  Pylon  
  9  8:09  Nexus  
  9  8:11  Assimilator  
Tags
 
Add a new tag
Caveats
  • Supply blocks, unpowered buildings, or Contaminate may cause inaccurate times.
  • Supply counts are checked every 10 seconds.